 Dungeon Crawl Stone Soup version 0.30-a0-149-g7f746667c4 (webtiles) character file.

Game seed: 3777782110960262551

26390 lorenzova the Eclecticist (level 12, -1/59 HPs)
             Began as a Deep Elf Conjurer on Sept 25, 2022.
             Was an Elder of Vehumet.
             Slain by a meliai
             ... wielding a +0 war axe
              (12 damage)
             ... on level 13 of the Dungeon on Sept 26, 2022.
             The game lasted 01:10:47 (22233 turns).

lorenzova the Eclecticist (Deep Elf Conjurer)      Turns: 22233, Time: 01:10:48

Health: -1/59      AC: 15    Str:  2    XL:     12   Next: 97%
Magic:  36/36      EV:  8    Int: 29    God:    Vehumet [****..]
Gold:   954        SH:  0    Dex: 19    Spells: 36/47 levels left

rFire   . . .      SeeInvis +    k - staff of poison
rCold   + + +      Faith    .    (no shield)
rNeg    . . .      Spirit   .    B - +1 ring mail of Taoqulloif {Rampage rC+++ Str-2 SInv}
rPois   +          Reflect  .    U - +1 hat
rElec   .          Harm     .    (no cloak)
rCorr   .          Rampage  +    r - +1 pair of gloves
Will    +....                    j - +1 pair of boots
Stlth   ++........               (no amulet)
HPRegen 0.19/turn                m - +6 ring of dexterity
MPRegen 0.25/turn                n - +4 ring of protection

@: no status effects
A: no striking features
a: Renounce Religion


You were on level 13 of the Dungeon.
You worshipped Vehumet.
Vehumet was greatly pleased with you.
You visited 3 branches of the dungeon, and saw 17 of its levels.
You also visited: Bailey.

You collected 954 gold pieces.

Inventory:

Hand Weapons
 V - a +0 dagger of electrocution
Armour
 j - a +1 pair of boots (worn)
 r - a +1 pair of gloves (worn)
 B - the +1 ring mail of Taoqulloif (worn) {Rampage rC+++ Str-2 SInv}
   (You found it on level 4 of the Dungeon)

   Str:       It affects your strength (-2).
   rC:        It renders you almost immune to cold.
   SInv:      It lets you see invisible.
   Rampage:   It bestows one free step when moving towards enemies.
 L - +0 steam dragon scales
 T - +0 acid dragon scales
 U - a +1 hat (worn)
Magical Staves
 k - a staff of poison (weapon)
 y - a staff of air
Jewellery
 a - a +4 ring of evasion
 d - a ring of protection from fire
 m - a +6 ring of dexterity (left hand)
 n - a +4 ring of protection (right hand)
 R - a ring of protection from cold
Wands
 w - a wand of digging (6)
 F - a wand of mindburst (16)
Scrolls
 b - 2 scrolls of enchant armour
 e - 6 scrolls of teleportation
 g - a scroll of blinking
 i - 4 scrolls of vulnerability
 o - 4 scrolls of enchant weapon
 p - a scroll of summoning {unknown}
 q - a scroll of immolation
 s - a scroll of magic mapping
 z - a scroll of noise {unknown}
 C - 3 scrolls of fear
 G - a scroll of amnesia
 J - a scroll of torment {unknown}
 K - a scroll of brand weapon
 M - a scroll of silence {unknown}
 X - a scroll of poison
Potions
 h - a potion of attraction
 l - 2 potions of resistance
 t - 5 potions of curing
 u - a potion of cancellation
 v - 5 potions of mutation
 x - 5 potions of heal wounds
 A - 4 potions of haste
 E - 2 potions of might
 H - 4 potions of flight
 I - 6 potions of lignification
 N - a potion of brilliance {unknown}
 P - 3 potions of berserk rage
 W - 2 potions of invisibility
 Y - a potion of magic


   Skills:
 + Level 2.9 Armour
 + Level 5.0 Dodging
 - Level 2.4 Stealth
 * Level 18.3 Spellcasting
 * Level 16.0 Conjurations
 - Level 6.0 Hexes
 - Level 6.0 Translocations


You had 36 spell levels left.
You knew the following spells:

 Your Spells              Type           Power      Damage    Failure   Level
a - Magic Dart            Conj           100%       1d8       0%          1
b - Searing Ray           Conj           100%       2d8       1%          2
c - Iskenderun's Mystic   Conj/Tloc      74%        2d15      1%          4
d - Fulminant Prism       Conj/Hex       37%        3d18      1%          4

Your spell library contained the following spells:

 Spells                   Type           Power      Damage    Failure   Level
 Ignite Poison            Fire/Tmut/Pois 39%        N/A       13%         3
 Foxfire                  Conj/Fire      100%       2x1d9     1%          1
 Dazzling Flash           Conj/Hex       100%       N/A       1%          3
 Stone Arrow              Conj/Erth      100%       3d13      1%          3
 Flame Wave               Conj/Fire      65%        2d15      1%          4
 Hailstorm                Conj/Ice       65%        3d14      1%          4
 Freeze                   Ice            100%       1d11      4%          1
 Sandblast                Erth           52%        2d12      4%          1
 Inner Flame              Hex/Fire       44%        N/A       4%          3
 Portal Projectile        Hex/Tloc       100%       N/A       4%          3
 Tukima's Dance           Hex            57%        N/A       4%          3
 Kindle Blastsparks       Fire/Tloc/Air  76%        2d16      6%          3
 Poisonous Vapours        Pois/Air       78%        N/A       7%          2
 Frozen Ramparts          Ice            52%        1d8       13%         3
 Cigotuvi's Dreadful Rot  Necr/Pois/Air  78%        N/A       26%         2
 Passwall                 Tmut/Erth      21%        N/A       26%         2
 Blade Hands              Tmut           13%        N/A       99%         5


Dungeon Overview and Level Annotations

Branches:
Dungeon (13/15)            Temple (1/1) D:7            Lair (3/5) D:10
 Shoals (0/4) Lair:2       Spider (0/4) Lair:3          Orc (0/2) D:12
 Bailey (visited)
 Vaults: D:13-14

Altars:
Ashenzari
Cheibriados
Dithmenos
Elyvilon
Fedhas
Gozag
Kikubaaqudgha
Makhleb
Nemelex Xobeh
Okawaru
Qazlal
Trog
Uskayaw
Vehumet
Yredelemnul
Zin
The Shining One

Shops:
D:2 [

Annotations:
D:6 Eustachio
D:7 Joseph
D:8 exclusion: upstairs
D:11 exclusion: downstairs
Lair:2 exclusion: downstairs
Lair:3 Nessos


Message History

(D) Dungeon (T) Temple (L) Lair (A) Shoals (N) Spider Nest (O) Orcish Mines
Where to? (Enter - D:10, ? - help)
There is a stone staircase leading down here.
You climb downwards.
Level annotation: exclusion: downstairs
There is a stone staircase leading up here.
(D) Dungeon (T) Temple (L) Lair (A) Shoals (N) Spider Nest (O) Orcish Mines
Where to? (Enter - D:11, ? - help)
There is a stone staircase leading down here.
You climb downwards.
There is a stone staircase leading up here.
(D) Dungeon (T) Temple (L) Lair (A) Shoals (N) Spider Nest (O) Orcish Mines
Where to? (Enter - D:12, ? - help)
There is a stone staircase leading down here.
You see here a +1 pair of gloves of infusion.
You climb downwards.
There is a stone staircase leading up here.
A meliai comes into view. It is wielding a +0 war axe.
Found an escape hatch in the floor.
The meliai buzzes angrily.
A boulder beetle comes into view.
The meliai mumbles some strange prayers to its god against you.
Something smites you!
You hear an angry buzzing noise.
A meliai comes into view. It is wielding a +2 vorpal hand axe.
The meliai invokes the aid of its god against you.
Something smites you!
The meliai invokes the aid of its god against you.
Something smites you!
The boulder beetle curls into a ball and begins rolling!
A meliai comes into view. It is wielding a +0 war axe.
There is a stone staircase leading up here.
The meliai invokes the aid of its god against you.
Something smites you!
* * * LOW HITPOINT WARNING * * *
The meliai hits you with a +0 war axe!
You die...

# ###..##....# #..# #.#
#....##.#...
#...##.###>..........
#.....<.........####.
#.............### #.
###.............#### #.
##......#.###!....... ##
........#.###....#...###
#......@...#...##.......
#......y.......######..#
##..............## ##..
##..............### ##.
###..B...y........ ...
....#.○..............#
#####.○#y#.##......?.
.....#.#.# .....#
........>. ....


You could see a boulder beetle (rolling) and 3 meliai.

Vanquished Creatures
  Gastronok (Lair:1)
  Harold (D:11)
  A two-headed ogre (D:9)
  3 death yaks (Lair:1)
  Amaemon (Lair:1)
  A deep elf pyromancer (D:12)
  An orc knight (Bailey)
  An ugly thing (D:12)
  2 manticores
  2 black mambas
  A merfolk siren (Lair:2)
  An orange demon (Lair:1)
  2 cane toads (Lair:1)
  2 rime drakes
  5 komodo dragons
  3 kobold demonologists
  4 trolls
  13 blink frogs
  2 shadows (D:12)
  15 yaks
  2 wyverns
  A vampire (D:10)
  A wraith (D:12)
  2 basilisks
  2 steam dragons (D:8)
  4 vampire mosquitoes
  Menkaure (D:6)
  2 acid dragons
  6 water moccasins
  7 orc warriors
  2 black bears
  2 sky beasts (D:7)
  An ice beast (D:5)
  2 ogres (D:12)
  12 wolves (Lair:1)
  2 centaurs (D:9)
  2 phantoms
  9 bullfrogs
  15 kobold brigands
  2 necrophages
  4 gnoll sergeants
  7 scorpions
  11 wights
  4 killer bees
  5 howler monkeys
  A jelly (D:6)
  8 orc priests
  5 hounds
  4 gnoll boudas
  2 iguanas (D:6)
  9 orc wizards
  30 gnolls
  10 adders
  A shadow imp (D:7)
  A white imp (D:6)
  An ufetubus (D:6)
  A dart slug (D:1)
  34 orcs
  5 ball pythons
  7 bats
  8 endoplasms
  8 giant cockroaches
  7 goblins
  4 hobgoblins
  32 kobolds
  2 quokkas
  7 frilled lizards
  3 rats
  A butterfly (D:7)
361 creatures vanquished.

Vanquished Creatures (others)
  A wizard (D:3)
  86 fulminant prisms
  25 fungi
  67 plants
179 creatures vanquished.

Grand Total: 540 creatures vanquished

Notes
Turn   | Place    | Note
-------+----------+-------------------------------------------
     0 | D:1      | lorenzova the Deep Elf Conjurer began the quest for the
                  | Orb.
     0 | D:1      | Reached XP level 1. HP: 10/10 MP: 6/6
   208 | D:1      | Found a faded altar of an unknown god.
   308 | D:1      | Reached XP level 2. HP: 15/15 MP: 6/8
   338 | D:1      | Learned a level 2 spell: Searing Ray
   798 | D:1      | Reached skill level 4 in Spellcasting
   931 | D:1      | Reached skill level 5 in Conjurations
   931 | D:1      | Reached XP level 3. HP: 19/19 MP: 8/10
  1606 | D:2      | Found Gushirro's Armour Shop.
  2097 | D:3      | Reached XP level 4. HP: 24/24 MP: 10/12
  2116 | D:3      | Reached skill level 5 in Spellcasting
  2302 | D:3      | Noticed a scorpion
  2307 | D:3      | Killed a scorpion
  2308 | D:3      | Reached XP level 5. HP: 28/28 MP: 8/15
  2654 | D:3      | Reached skill level 6 in Spellcasting
  2882 | D:3      | Found a bloodstained altar of Trog.
  2885 | D:3      | Noticed a wizard
  2891 | D:3      | Killed a wizard
  3240 | D:4      | Reached XP level 6. HP: 6/32 MP: 3/17
  3771 | D:4      | Identified the +1 ring mail of Taoqulloif {Rampage rC+++
                  | Str-2 SInv}
  4165 | D:4      | Found a blossoming altar of Fedhas.
  4165 | D:4      | Found a snail-covered altar of Cheibriados.
  4227 | D:5      | Entered Level 5 of the Dungeon
  4236 | D:5      | Reached skill level 7 in Spellcasting
  4397 | D:5      | Noticed an ice beast
  4404 | D:5      | Killed an ice beast
  4405 | D:5      | Reached XP level 7. HP: 36/36 MP: 12/20
  4571 | D:5      | Reached skill level 8 in Spellcasting
  5252 | D:6      | Noticed Eustachio
  5463 | D:6      | Reached skill level 9 in Spellcasting
  5513 | D:6      | Noticed Menkaure
  5554 | D:6      | Reached XP level 8. HP: 41/41 MP: 17/23
  6589 | D:6      | Reached skill level 10 in Spellcasting
  6952 | D:6      | Killed Menkaure
  7601 | D:7      | Found a staircase to the Ecumenical Temple.
  7667 | D:7      | Reached skill level 11 in Spellcasting
  7677 | D:7      | Reached skill level 10 in Conjurations
  7806 | Temple   | Entered the Ecumenical Temple
  7826 | Temple   | Became a worshipper of Vehumet
  8108 | D:7      | Reached XP level 9. HP: 45/45 MP: 20/26
  8137 | D:7      | Noticed Joseph
  8355 | D:8      | Found a flagged portal.
  8409 | D:8      | Learned a level 4 spell: Fulminant Prism
  8414 | D:8      | Learned a level 4 spell: Iskenderun's Mystic Blast
  8430 | Bailey   | Entered a bailey
  8505 | Bailey   | Noticed an orc knight
  8515 | Bailey   | Killed an orc knight
  8516 | Bailey   | Reached skill level 12 in Spellcasting
  8516 | Bailey   | Reached skill level 1 in Hexes
  8516 | Bailey   | Reached skill level 1 in Translocations
  8530 | D:8      | HP: 2/45 [poisoned by a kobold brigand (curare-tipped
                  | dart)]
  8765 | D:8      | Reached * piety under Vehumet
  8765 | D:8      | Offered knowledge of Shock by Vehumet.
  9446 | D:7      | Found a runed translucent door.
  9449 | D:7      | Found a runed translucent door.
  9652 | D:7      | Found an iron altar of Okawaru.
  9654 | D:7      | Found a burning altar of Makhleb.
  9655 | D:7      | Found a white marble altar of Elyvilon.
  9915 | D:7      | Reached ** piety under Vehumet
  9916 | D:7      | Reached XP level 10. HP: 50/50 MP: 23/28
 10199 | D:7      | Offered knowledge of Sandblast by Vehumet.
 10200 | D:7      | Reached skill level 13 in Spellcasting
 11043 | D:8      | Found a glowing silver altar of Zin.
 11043 | D:8      | Noticed an angel
 11532 | D:9      | Noticed a two-headed ogre
 11551 | D:9      | Killed a two-headed ogre
 11557 | D:9      | Reached skill level 5 in Hexes
 12115 | D:9      | You fall into a shaft and drop 2 floors!
 12238 | D:11     | Noticed Harold
 12387 | D:11     | Noticed a +0 short sword
 12387 | D:11     | Noticed a +0 dagger
 12388 | D:11     | Noticed a +0 dagger
 12390 | D:11     | Noticed a +0 falchion
 12391 | D:11     | Noticed a +0 falchion
 12397 | D:10     | Entered Level 10 of the Dungeon
 12489 | D:11     | Noticed a +0 short sword
 12491 | D:11     | Noticed a +0 spear
 12493 | D:11     | Noticed a +0 spear
 12497 | D:11     | Found a hide-covered altar of Uskayaw.
 12635 | D:10     | Reached skill level 14 in Spellcasting
 12644 | D:10     | Offered knowledge of Static Discharge by Vehumet.
 12807 | D:10     | Noticed a manticore
 13168 | D:10     | Killed a manticore
 13169 | D:10     | Reached XP level 11. HP: 15/54 MP: 18/31
 13506 | D:9      | Reached skill level 5 in Translocations
 14186 | D:9      | Reached *** piety under Vehumet
 14668 | D:10     | Found a staircase to the Lair.
 14906 | D:10     | Reached skill level 15 in Spellcasting
 15509 | D:11     | Killed Harold
 15802 | D:12     | Noticed a deep elf pyromancer
 16519 | D:12     | Offered knowledge of Mephitic Cloud by Vehumet.
 16762 | D:12     | Reached skill level 16 in Spellcasting
 16865 | D:12     | Noticed a purple ugly thing
 16877 | D:12     | Killed a purple ugly thing
 17254 | D:12     | Found a staircase to the Orcish Mines.
 17472 | D:12     | Killed a deep elf pyromancer
 17806 | D:12     | Upgraded the game from 0.30-a0-141-g30f27751c5 to
                  | 0.30-a0-149-g7f746667c4
 18058 | D:13     | Noticed a boulder beetle
 18189 | Lair:1   | Entered Level 1 of the Lair of Beasts
 18203 | Lair:1   | Reached **** piety under Vehumet
 18318 | Lair:1   | Reached XP level 12. HP: 59/59 MP: 29/34
 18372 | Lair:1   | Noticed a death yak
 18383 | Lair:1   | Offered knowledge of Ignite Poison by Vehumet.
 18689 | Lair:1   | Noticed Gastronok
 18714 | Lair:1   | Killed Gastronok
 18715 | Lair:1   | Reached skill level 17 in Spellcasting
 18715 | Lair:1   | Reached skill level 15 in Conjurations
 18852 | Lair:1   | Noticed a death yak
 19358 | Lair:1   | Noticed Amaemon
 19370 | Lair:1   | Killed Amaemon
 19371 | Lair:1   | Reached skill level 1 in Armour
 19470 | Lair:1   | Noticed a death yak
 19473 | Lair:1   | Killed a death yak
 19492 | Lair:1   | Killed a death yak
 19492 | Lair:1   | Killed a death yak
 20281 | Lair:2   | Found a staircase to the Shoals.
 20471 | Lair:2   | Reached skill level 18 in Spellcasting
 21604 | Lair:3   | Noticed Nessos
 21608 | Lair:2   | HP: 1/59 [poisoned by Nessos]
 21924 | Lair:2   | Reached skill level 5 in Dodging
 22228 | D:13     | Noticed a boulder beetle
 22233 | D:13     | Slain by a meliai

Illustrated notes

Levels and vault maps discovered:
D:1:      sevenhm_arrival_forest_fort_small_5, layout_basic,
          ebering_ecumenical_altar_rust
D:2:      layout_basic, serial_shops, nicolae_shop_trees
D:3:      layout_basic, trog_wizard, minmay_misc_feat_four_crosses,
          chequers_serial_rivers_micro_c, serial_bayou_lagoon_a
D:4:      layout_loops_ring, gammafunk_temple_overflow_pools
D:5:      layout_loops_ring
D:6:      kennysheep_six_static_rooms, layout_loops_corners, uniq_eustachio,
          uniq_menkaure
D:7:      lemuel_insect_pit, layout_loops_ring,
          chequers_temple_overflow_statue_of_worship,
          minmay_temple_entry_poolview, uniq_joseph
D:8:      layout_cave_pods, zin_angel, enter_bailey_2
D:9:      layout_basic, minmay_orc_keep
D:10:     layout_loops_ring, dpeg_oklobed_lair
D:11:     layout_loops_cross, nicolae_uskayaw_en_pointe, uniq_harold
D:12:     layout_loops_corners, kennysheep_orc_monster_closet_entryway
D:13:     layout_rooms, serial_co_window_serial, co_window_corner_a,
          co_window_paths_b, co_window_of_opportunity_a, co_window_corner_a,
          co_window_paths_b, co_window_paths_a, co_window_of_opportunity_a,
          co_window_broadway_a, co_window_of_opportunity_c, co_window_2corner,
          glass_columns_b, glass_columns_b, glass_columns_a, glass_columns_c,
          glass_columns_a
Temple:   eino_wide_crystal_templ
Lair:1:   beast_lair_carwin_large_4, layout_long_grid, grunt_megastairs_5,
          uniq_gastronok, uniq_amaemon
Lair:2:   layout_gridlike, minmay_shoals_entry_lonely_mermaid, minivault_26,
          lemuel_fruit_tree
Lair:3:   layout_gridlike, spider_nest_entry_funnel_web, basic_altar,
          portal_ice_cave_entry_pillars_2, grunt_megastairs_1, uniq_nessos

Skill      XL: |  1  2  3  4  5  6  7  8  9 10 11 12 |
---------------+-------------------------------------+-----
Spellcasting   | 4 5 6 7 9 11 12 14 16 18 | 18.3
Conjurations   | 5 6 7 8 10 11 12 14 16 | 16.0
Hexes          | 3 6 |  6.0
Translocations | 3 4 6 |  6.0
Armour         | 2 |  2.9
Dodging        | 5 |  5.0
Stealth        | |  2.4

Action                   |  1- 3 |  4- 6 |  7- 9 | 10-12 || total
-------------------------+-------+-------+-------+-------++-------
Melee: War axe           |       |       |     2 |       ||     2
       Staff             |       |       |       |     3 ||     3
 Cast: Magic Dart        |    76 |    64 |   111 |   130 ||   381
       Searing Ray       |       |    14 |    55 |    72 ||   141
       Iskenderun's Myst |       |       |    18 |   116 ||   134
       Fulminant Prism   |       |       |     7 |    79 ||    86
  Use: Scroll            |       |     1 |     9 |    16 ||    26
       Potion            |       |       |     2 |     2 ||     4
Armor: Robe              |       |       |     4 |    11 ||    15
       Steam dragon scal |       |       |       |     3 ||     3
Dodge: Dodged            |     4 |    10 |    28 |    64 ||   106

Table legend: (Time is in decaauts)
 A = Elapsed time spent in this place.
 B = Non-inter-level travel time spent in this place.
 C = Inter-level travel time spent in this place.
 D = Time resting spent in this place.
 E = Time spent auto-exploring this place.
 F = Levels seen in this place.
 G = Mean time per level.
                   A        B        C        D        E       F      G
               +--------+--------+--------+--------+--------+-----+--------+
         Total |  22268 |  21532 |    736 |  10440 |   7723 |  18 | 1237.1 |
       Dungeon |  18334 |  17828 |    506 |   8877 |   6380 |  13 | 1410.3 |
        Temple |     32 |     20 |     12 |      0 |      4 |   1 |   32.0 |
          Lair |   3800 |   3583 |    217 |   1507 |   1339 |   3 | 1266.7 |
        Bailey |    100 |    100 |      0 |     56 |      0 |   1 |  100.0 |
               +--------+--------+--------+--------+--------+-----+--------+

Top non-repeatable levels by time:
     D:6: 2219 daAuts
    D:12: 2104 daAuts
     D:9: 2068 daAuts
  Lair:2: 1948 daAuts
     D:7: 1900 daAuts
    D:10: 1859 daAuts
  Lair:1: 1648 daAuts
     D:8: 1581 daAuts
     D:3: 1416 daAuts
     D:5: 1126 daAuts
     D:4: 1047 daAuts
     D:1: 1015 daAuts
    D:11: 943 daAuts
     D:2: 758 daAuts
    D:13: 292 daAuts
